 Dungeon Crawl Stone Soup version 0.28-a0-1404-g4df0f3684d (webtiles) character file.

Game seed: 16147493522127028767

153 porpoise the Insei (level 5, 0/41 HPs)
             Began as a Demonspawn Transmuter on Jan 6, 2022.
             Slain by Ijyb (2 damage)
             ... on level 3 of the Dungeon.
             The game lasted 00:10:14 (3624 turns).

porpoise the Insei (Demonspawn Transmuter)          Turns: 3624, Time: 00:10:15

Health: 0/41       AC:  2    Str: 11 (13) XL:     5   Next: 12%
Magic:  8/8        EV: 14    Int: 12 (14) God:
Gold:   86         SH:  4    Dex: 10 (13) Spells: 7/8 levels left

rFire   + . .      SeeInvis .     - Unarmed
rCold   + . .      Faith    .   (no shield)
rNeg    . . .      Spirit   .   a - +0 robe
rPois   +          Reflect  .   (helmet restricted)
rElec   +          Harm     .   (no cloak)
rCorr   +          Rampage  .   (no gloves)
Will    .....                   (no boots)
Stlth   ++........              (no amulet)
HPRegen 0.13/turn               (no ring)
MPRegen 0.11/turn               (no ring)

@: resistant, attractive
A: horns 1, repulsion field 1, condensation shield
a: no special abilities


You were on level 3 of the Dungeon.
You visited 1 branch of the dungeon, and saw 4 of its levels.

You collected 109 gold pieces.
You spent 23 gold pieces at shops.

Inventory:

Hand Weapons
 d - a +1 dagger of venom
Missiles
 c - 75 stones
 f - 18 sling bullets
 k - 19 arrows
 o - 2 boomerangs
Armour
 a - a +0 robe (worn)
 l - a scarf of shadows
 q - a +0 ring mail
Scrolls
 i - a scroll of teleportation {unknown}
 j - 3 scrolls of blinking {unknown}
 p - 2 scrolls of holy word {unknown}


   Skills:
 * Level 3.1 Fighting
 - Level 1.7 Dodging
 + Level 1.9 Stealth
 * Level 4.0 Unarmed Combat
 - Level 2.0 Spellcasting
 - Level 1.7 Transmutations


You had 7 spell levels left.
You knew the following spells:

 Your Spells              Type           Power      Damage    Failure   Level
a - Beastly Appendage     Tmut           10%        N/A       13%         1

Your spell library contained the following spells:

 Spells                   Type           Power      Damage    Failure   Level
 Sting                    Tmut/Pois      12%        1d3       19%         1
 Wereblood                Tmut           5%         N/A       21%         2
 Poisonous Vapours        Pois/Air       2%         N/A       38%         2
 Spider Form              Tmut/Pois      3%         N/A       50%         3
 Ice Form                 Ice/Tmut       3%         N/A       88%         4
 Olgreb's Toxic Radiance  Pois           1%         N/A       95%         4


Dungeon Overview and Level Annotations

Branches:
Dungeon (4/15)
 Temple: D:4-7

Altars:

Shops:
D:1 *   D:4 *

Annotations:
D:2 Sigmund
D:3 Ijyb


Innate Abilities, Weirdness & Mutations

You have a pair of small horns on your head.
You are surrounded by a mild repulsion field. (EV +2)
A meltable shield of frost defends you. (SH +4)


Message History

You closely miss Ijyb. Your headbutt misses Ijyb.
Ijyb is heavily wounded.
Ijyb hits you but does no damage.
You closely miss Ijyb.
Ijyb is heavily wounded.
Ijyb hits you with a +0 dagger.
You hit Ijyb but do no damage. You punch Ijyb.
Ijyb is heavily wounded.
Ijyb hits you with a +0 dagger.
* * * LOW HITPOINT WARNING * * *
You hit Ijyb.
Ijyb is heavily wounded.
Ijyb grins evilly.
Ijyb zaps a wand.
You resist with some effort.
You closely miss Ijyb.
Ijyb is heavily wounded.
Ijyb hits you with a +0 dagger.
* * * LOW HITPOINT WARNING * * *
You aren't carrying any items that you can evoke.
Unknown command.
It was a potion of attraction.
You feel attractive to monsters. Ijyb hits you but does no damage.
It was a potion of magic.
Magic courses through your body. You block Ijyb's attack.
It was a potion of resistance.
You feel protected. Ijyb closely misses you.
You hit Ijyb. Your headbutt misses Ijyb.
Ijyb is severely wounded.
Ijyb hits you with a +0 dagger.
* * * LOW HITPOINT WARNING * * *
You hit Ijyb. You headbutt Ijyb, but do no damage. Your punch misses Ijyb.
Ijyb is severely wounded.
Ijyb hits you with a +0 dagger.
* * * LOW HITPOINT WARNING * * *
You barely miss Ijyb.
Ijyb is severely wounded.
Ijyb hits you with a +0 dagger.
You die...

#################
##........#.....#.
##.........#.......
#................#.
#.........##.....#.
#............#.....
#..........####....
#..................
#g@.......######...
#.........# #.#.
#..[.....)# #.#.
#.........######.##
#.............##.#
##............##.#
##.....#<....##.#
#######.....##.##
#..........


You could see Ijyb.

Vanquished Creatures
  A water moccasin zombie (D:4)
  An orc priest (D:4)
  A dart slug (D:3)
  2 orcs
  4 ball pythons
  4 endoplasms
  4 giant cockroaches
  8 goblins
  5 hobgoblins
  8 jackals (D:2)
  2 quokkas (D:1)
  4 bats
  4 kobolds
  4 rats
52 creatures vanquished.

Notes
Turn   | Place    | Note
-------+----------+-------------------------------------------
     0 | D:1      | porpoise the Demonspawn Transmuter began the quest for the
                  | Orb.
     0 | D:1      | Reached XP level 1. HP: 15/15 MP: 3/3
   472 | D:1      | Gained mutation: You are surrounded by a mild repulsion
                  | field. (EV +2) [demonic ancestry]
   472 | D:1      | Reached XP level 2. HP: 16/21 MP: 3/5
   626 | D:1      | Reached skill level 3 in Unarmed Combat
  1024 | D:1      | Found Layxtok's Assorted Antiques.
  1030 | D:1      | Bought a sapphire potion for 23 gold pieces
  1583 | D:2      | Reached skill level 1 in Stealth
  1649 | D:2      | Reached XP level 3. HP: 27/27 MP: 4/6
  2407 | D:2      | Noticed Sigmund
  3300 | D:4      | Gained mutation: A meltable shield of frost defends you.
                  | (SH +4) [demonic ancestry]
  3300 | D:4      | Reached XP level 4. HP: 21/35 MP: 7/7
  3583 | D:4      | Found Ecaor's Overcharged Wands.
  3589 | D:4      | Noticed Ijyb
  3604 | D:4      | Reached skill level 4 in Unarmed Combat
  3604 | D:4      | Mutation became permanent: You have a pair of small horns
                  | on your head. [demonic ancestry]
  3604 | D:4      | Gained mutation: You have a pair of horns on your head.
                  | [demonic ancestry]
  3604 | D:4      | Reached XP level 5. HP: 27/41 MP: 8/8
  3604 | D:4      | Paralysed by Ijyb for 4 turns
  3623 | D:3      | HP: 2/41 [Ijyb (3)]
  3624 | D:3      | Slain by Ijyb

Illustrated notes

Levels and vault maps discovered:
D:1:      lemuel_arrival_behind_the_door_small, layout_loops_corners,
          serial_shops, shop, nicolae_figureground_pulse
D:2:      layout_loops_cross, uniq_sigmund
D:3:      layout_rooms, kennysheep_generic_room_7
D:4:      layout_loops_ring, nicolae_shop_overcharged_wands, uniq_ijyb

Skill      XL: |  1  2  3  4 |
---------------+-------------+-----
Unarmed Combat | 3 4 |  4.0
Stealth        | 1 |  1.9
Fighting       | 2 3 |  3.1
Dodging        | |  1.7
Spellcasting   | |  2.0
Transmutations | |  1.7

Action                   |  1- 3 |  4- 6 || total
-------------------------+-------+-------++-------
Melee: Unarmed           |   143 |    26 ||   169
       Headbutt          |    18 |     8 ||    26
       Kick              |    27 |     7 ||    34
       Punch             |       |     1 ||     1
 Cast: Beastly Appendage |    38 |     2 ||    40
  Use: Potion            |       |     6 ||     6
 Stab: Sleeping          |     2 |       ||     2
Armor: Robe              |    19 |     2 ||    21
Dodge: Dodged            |    67 |     6 ||    73
Block: Other             |       |     3 ||     3

Table legend: (Time is in decaauts)
 A = Elapsed time spent in this place.
 B = Non-inter-level travel time spent in this place.
 C = Inter-level travel time spent in this place.
 D = Time resting spent in this place.
 E = Time spent auto-exploring this place.
 F = Levels seen in this place.
 G = Mean time per level.
                   A        B        C        D        E       F      G
               +--------+--------+--------+--------+--------+-----+--------+
         Total |   3613 |   3563 |     50 |   1440 |   1559 |   4 |  903.2 |
       Dungeon |   3613 |   3563 |     50 |   1440 |   1559 |   4 |  903.2 |
               +--------+--------+--------+--------+--------+-----+--------+

Top non-repeatable levels by time:
     D:1: 1428 daAuts
     D:2: 1099 daAuts
     D:3: 715 daAuts
     D:4: 370 daAuts
